[Event "Titled Tuesday Blitz March 22 Late 2022"]
[White "Przybylski, Wojciech"]
[Black "Lazavik, Denis"]
[WhiteFideId "1117599"]
[BlackFideId "13515110"]
[WhiteElo "2133"]
[BlackElo "2437"]
[Result "0-1"]
[Round "01"]
[TimeControl "180+1"]
[Date "2022.03.22"]
[WhiteClock "0:00:13"]
[BlackClock "0:00:36"]

1. e4 c5 2. Nf3 e6 3. b3 Nc6 4. Bb5 Nge7 5. O-O a6 6. Bxc6 Nxc6 7. Bb2 Qc7 8. d4 cxd4 9. Nxd4 b5 10. Nd2 Bb7 11. c4 b4 12. Qg4 Ne5 13. Qg3 d6 14. f4 Nd7 15. N4f3 Nc5 16. e5 dxe5 17. Bxe5 Qb6 18. Kh1 O-O-O 19. Rad1 f6 20. Bd4 Qc7 21. Qe1 Kb8 22. Qe3 Bd6 23. Ne1 Rhe8 24. a3 Qc6 25. axb4 Nd7 26. c5 Bc7 27. Nc4 e5 28. fxe5 Nxe5 29. Bxe5 Rxd1 30. Bxc7+ Kxc7 31. Qg3+ Kd8 32. Nd6 Re7 33. Kg1 Ba8 34. Nf3 Rxf1+ 35. Kxf1 Qd5 36. Qg4 Qe6 37. Qc4 Bxf3 38. gxf3 Qe1+ 39. Kg2 Re2+ 40. Kh3 Qf1+ 41. Kg4 Qg2+ 42. Kf4 Qg5# 0-1


[Site "https://www.chess.com"]

[Event "Titled Tuesday Blitz March 22 Late 2022"]
[White "Rabineau, Clement"]
[Black "Sapunov, Evgeny"]
[WhiteFideId "628891"]
[BlackFideId "4126661"]
[WhiteElo "2237"]
[BlackElo "2470"]
[Result "0-1"]
[Round "01"]
[TimeControl "180+1"]
[Date "2022.03.22"]
[WhiteClock "0:00:52"]
[BlackClock "0:02:19"]

1. e4 c5 2. c3 Nf6 3. e5 Nd5 4. Bc4 e6 5. Nf3 Nc6 6. O-O d6 7. d4 cxd4 8. cxd4 Be7 9. Bd2 O-O 10. Qe2 a6 11. Nc3 Nxc3 12. Bxc3 dxe5 13. dxe5 b5 14. Bd3 Bb7 15. Rad1 Qb6 16. Qe4 g6 17. Qf4 Rad8 18. Rc1 Rxd3 0-1


[Site "https://www.chess.com"]

[Event "Titled Tuesday Blitz March 22 Late 2022"]
[White "Rangel, Daniel"]
[Black "Aravindh, Chithambaram VR."]
[WhiteFideId "2124475"]
[BlackFideId "5072786"]
[WhiteElo "2225"]
[BlackElo "2561"]
[Result "0-1"]
[Round "01"]
[TimeControl "180+1"]
[Date "2022.03.22"]
[WhiteClock "0:00:38"]
[BlackClock "0:02:22"]

1. c4 g6 2. g3 Bg7 3. Bg2 h5 4. Nc3 h4 5. d4 d6 6. Bg5 h3 7. Bf3 c6 8. e4 Qb6 9. Nge2 Nf6 10. O-O Nbd7 11. Rb1 e5 12. b4 exd4 13. Nxd4 Ne5 14. b5 Qxd4 15. bxc6 Qxc3 16. cxb7 Bxb7 17. Rxb7 Nxf3+ 18. Kh1 Nxg5 19. Qxd6 Qf3+ 0-1


[Site "https://www.chess.com"]

[Event "Titled Tuesday Blitz March 22 Late 2022"]
[White "Rolfe, Warrick"]
[Black "Artemiev, Vladislav"]
[WhiteFideId "2603802"]
[BlackFideId "24101605"]
[WhiteElo "2563"]
[BlackElo "2811"]
[Result "0-1"]
[Round "01"]
[TimeControl "180+1"]
[Date "2022.03.22"]
[WhiteClock "0:00:09"]
[BlackClock "0:00:04"]

1. e4 e5 2. Bc4 Nf6 3. d3 Nc6 4. Nc3 Bb4 5. Ne2 d5 6. exd5 Nxd5 7. O-O Nb6 8. Bb3 Na5 9. f4 Nxb3 10. axb3 exf4 11. Bxf4 O-O 12. Ng3 Nd5 13. Nxd5 Qxd5 14. c3 Bd6 15. Bxd6 Qxd6 16. b4 Bd7 17. Nf5 Qb6+ 18. d4 Kh8 19. Qf3 Rae8 20. Rae1 Rxe1 21. Rxe1 Qf6 22. Rf1 g6 23. Ne3 Qxf3 24. Rxf3 Kg7 25. Nc4 Be6 26. Ne5 Re8 27. Re3 Ra8 28. Nd3 a5 29. Nc5 axb4 30. Nxe6+ fxe6 31. Rxe6 Kf7 32. Re3 Ra2 33. b3 Rd2 34. cxb4 Rxd4 35. Rc3 Rd7 36. Kf2 c6 37. Ke3 Rd5 38. Rc5 Ke6 39. Ke4 Rd2 40. b5 Kd6 41. Rg5 Rd5 42. Rxd5+ cxd5+ 43. Kd4 b6 44. g4 g5 0-1


[Site "https://www.chess.com"]

[Event "Titled Tuesday Blitz March 22 Late 2022"]
[White "Romanchuk, Viktor"]
[Black "Sarana, Alexey"]
[WhiteFideId "14109271"]
[BlackFideId "24133795"]
[WhiteElo "2242"]
[BlackElo "2666"]
[Result "0-1"]
[Round "01"]
[TimeControl "180+1"]
[Date "2022.03.22"]
[WhiteClock "0:00:57"]
[BlackClock "0:01:54"]

1. d4 Nf6 2. c4 e6 3. Nc3 Bb4 4. e3 O-O 5. Ne2 d5 6. a3 Be7 7. cxd5 exd5 8. Nf4 c6 9. Bd3 Nbd7 10. O-O Re8 11. f3 Nf8 12. Kh1 c5 13. dxc5 Bxc5 14. Ncxd5 Nxd5 15. Nxd5 Be6 16. e4 Bxd5 17. exd5 Bd6 18. g3 Rc8 19. Bd2 Be5 20. Qb3 b6 21. Bb5 Re7 22. Rfe1 Bd6 23. Bc3 Ng6 24. Kg2 h5 25. Rxe7 Qxe7 26. Re1 Qg5 27. Re8+ Rxe8 28. Bxe8 h4 29. Be1 Qe5 30. Bxf7+ Kxf7 31. Bf2 Qe2 32. Qa4 h3+ 33. Kxh3 Qf1+ 34. Kg4 Ne5+ 35. Kf5 Qxf2 36. Qxa7+ Kg8 37. f4 Qc2+ 38. Kg5 Qg6+ 39. Kh4 Qg4# 0-1


[Site "https://www.chess.com"]

[Event "Titled Tuesday Blitz March 22 Late 2022"]
[White "Romero Ruscalleda, Josep"]
[Black "Arabidze, Meri"]
[WhiteFideId "2231859"]
[BlackFideId "13604040"]
[WhiteElo "2268"]
[BlackElo "2335"]
[Result "0-1"]
[Round "01"]
[TimeControl "180+1"]
[Date "2022.03.22"]
[WhiteClock "0:00:57"]
[BlackClock "0:00:25"]

1. e4 c5 2. c3 e6 3. d4 d5 4. e5 Nc6 5. Be3 Qb6 6. Qd2 Nh6 7. Nf3 Nf5 8. Bd3 cxd4 9. cxd4 Nxe3 10. fxe3 Nb4 11. Be2 Bd7 12. Nc3 Be7 13. O-O f5 14. exf6 Bxf6 15. a3 Nc6 16. Na4 Qa5 17. Qxa5 Nxa5 18. Nc5 b6 19. Nxd7 Kxd7 20. Bb5+ Kd6 21. Rac1 Rac8 22. Nd2 Bg5 23. Kf2 Rhf8+ 24. Ke2 Rxf1 25. Rxc8 Rg1 26. Kf2 Rd1 27. Nf3 Bf6 28. b4 Nc4 29. Bxc4 dxc4 30. Rxc4 Ra1 31. Rc3 Ra2+ 32. Kg3 Kd5 33. Kf4 g5+ 34. Nxg5 Bxg5+ 35. Kxg5 Rxg2+ 36. Kf4 Rxh2 37. e4+ Kxd4 38. Rc7 e5+ 39. Kf3 Rh3+ 40. Kg4 Rxa3 41. Rxh7 Kxe4 42. Rb7 Ke3 43. Kf5 e4 44. Re7 Kd3 45. Rxe4 Kc3 46. b5 Ra5 47. Re7 Kc4 48. Ke4 Kxb5 49. Kd5 Ra1 50. Re2 Rd1+ 51. Ke4 a5 52. Rb2+ Ka6 53. Ke3 b5 54. Ke2 Rd8 55. Ke3 a4 0-1


[Site "https://www.chess.com"]

[Event "Titled Tuesday Blitz March 22 Late 2022"]
[White "Rosenberg, Evan S"]
[Black "Maltsevskaya, Aleksandra"]
[WhiteFideId "2019299"]
[BlackFideId "24174041"]
[WhiteElo "2341"]
[BlackElo "2241"]
[Result "0-1"]
[Round "01"]
[TimeControl "180+1"]
[Date "2022.03.22"]
[WhiteClock "0:00:07"]
[BlackClock "0:00:49"]

1. d4 Nf6 2. c4 g6 3. Nc3 Bg7 4. e4 d6 5. Nf3 O-O 6. h3 Na6 7. Bg5 c5 8. d5 e6 9. Be2 exd5 10. exd5 h6 11. Be3 Re8 12. Qd2 Kh7 13. O-O Bf5 14. Rae1 Nb4 15. a3 Nc2 16. Bf4 Nxe1 17. Rxe1 Ne4 18. Nxe4 Bxe4 19. Nh2 h5 20. g4 Qh4 21. Bg3 Qf6 22. f3 Qd4+ 23. Qxd4 Bxd4+ 24. Kf1 Bc2 25. Bxd6 b6 26. b4 Re3 27. bxc5 Bxc5 28. Bxc5 bxc5 29. Kf2 Rae8 30. Nf1 Rxa3 31. gxh5 Ra2 32. hxg6+ fxg6 33. Ne3 Bd3 34. d6 Bxe2 35. Rxe2 Rxe2+ 36. Kxe2 Rd8 37. Kd3 Rxd6+ 38. Ke4 Rd4+ 39. Ke5 a5 40. Ng4 a4 41. Nf6+ Kh8 42. Ne4 a3 43. Nxc5 Rxc4 44. Nb3 Rc3 45. Nd4 a2 46. Nb5 a1=Q 47. Nxc3 Qxc3+ 48. Kf4 Kg7 49. h4 Kf6 50. Kg4 Qc4+ 51. f4 Qd4 52. h5 Qd1+ 53. Kg3 gxh5 54. Kf2 Kf5 55. Kg3 Qd3+ 56. Kh4 Qc3 57. Kxh5 Qh3# 0-1


[Site "https://www.chess.com"]

[Event "Titled Tuesday Blitz March 22 Late 2022"]
[White "Rostovtsev, Dmitry"]
[Black "Melaugh, Shane"]
[WhiteFideId "34278320"]
[BlackFideId "2509580"]
[WhiteElo "2359"]
[BlackElo "2014"]
[Result "1-0"]
[Round "01"]
[TimeControl "180+1"]
[Date "2022.03.22"]
[WhiteClock "0:01:57"]
[BlackClock "0:00:15"]

1. e4 e6 2. d4 d5 3. Nc3 dxe4 4. Nxe4 Nf6 5. Nxf6+ gxf6 6. Nf3 Nc6 7. Bb5 Qd7 8. c3 a6 9. Ba4 b5 10. Bc2 Bb7 11. Qe2 O-O-O 12. Bf4 Rg8 13. Bg3 h5 14. a4 b4 15. a5 e5 16. dxe5 fxe5 17. O-O Bd6 18. Rfd1 Qg4 19. h3 Qg7 20. Be4 f5 21. Bxf5+ Kb8 22. Be4 Bc5 23. Kh1 h4 24. Nxh4 Rxd1+ 25. Rxd1 Nxa5 26. cxb4 Bxb4 27. Bxb7 Kxb7 28. Qxe5 Nc6 29. Qxg7 Rxg7 30. Nf5 Rg5 31. Ne3 Bc5 32. Nd5 Rg7 33. Rc1 Bd4 34. b3 Rd7 35. Nf4 Be5 36. Ne2 Rd2 37. Bxe5 Nxe5 38. Ng3 Rxf2 39. Rf1 Rb2 40. Rf5 Rxb3 41. Rxe5 Rxg3 42. Kh2 Rg6 43. g4 Kb6 44. Kg3 c5 45. h4 c4 46. h5 Rc6 47. g5 c3 48. Re1 c2 49. Rc1 Kb5 50. g6 Rc5 51. Kg4 Rc4+ 52. Kg5 Rc5+ 53. Kh6 Kb4 54. g7 Rc6+ 55. Kh7 Rc7 56. Kh8 Kb3 57. g8=Q+ Rc4 58. Rxc2 1-0


[Site "https://www.chess.com"]

[Event "Titled Tuesday Blitz March 22 Late 2022"]
[White "Rozman, Levy"]
[Black "Zherebtsova, Alexandra"]
[WhiteFideId "2039877"]
[BlackFideId "24129518"]
[WhiteElo "2376"]
[BlackElo "2025"]
[Result "1-0"]
[Round "01"]
[TimeControl "180+1"]
[Date "2022.03.22"]
[WhiteClock "0:00:05"]
[BlackClock "0:00:14"]

1. d4 d5 2. c4 e6 3. Nf3 Nf6 4. Nc3 Be7 5. g3 dxc4 6. Bg2 c6 7. O-O Nbd7 8. e4 b5 9. Qe2 O-O 10. Bg5 Nb6 11. Rfd1 Bb7 12. e5 Nfd5 13. Ne4 Bxg5 14. Nfxg5 h6 15. Nh3 a5 16. Rac1 a4 17. a3 Nd7 18. Nd6 Ba6 19. Nf4 Nxf4 20. gxf4 Qc7 21. Kh1 Nb6 22. Rg1 Kh8 23. Rc3 Nc8 24. Ne4 Ne7 25. Rh3 Nf5 26. Nc5 Qe7 27. Qg4 Nxd4 28. Bxc6 Rg8 29. Bxa8 Nf5 30. Nxa6 Rxa8 31. Nb4 Qc5 32. Rh5 Rg8 33. Qf3 Nd4 34. Qe4 c3 35. bxc3 Qxc3 36. Nd3 Nf5 37. Rxf5 exf5 38. Qxf5 Qxa3 39. e6 fxe6 40. Qe4 Qd6 41. Ne5 Qd5 42. f3 Ra8 43. Ng6+ Kh7 44. Nf8+ Kg8 45. Qh7+ Kxf8 46. Qxg7+ Ke8 47. Qg8+ Kd7 48. Rg7+ Kc6 49. Qxa8+ Kc5 50. Qc8+ Kd4 51. Qc1 Qxf3+ 52. Rg2 a3 53. Qd2+ Kc4 54. Qc2+ Kb4 55. Kg1 Ka5 56. Rf2 Qe3 57. Kg2 b4 58. Re2 Qd4 59. Re5+ Kb6 60. Rxe6+ Ka5 61. Re5+ Kb6 62. Qg6+ Kc7 63. Qg7+ Kd8 64. Re8+ Kxe8 65. Qxd4 1-0


[Site "https://www.chess.com"]

[Event "Titled Tuesday Blitz March 22 Late 2022"]
[White "Rudykh, Stepan"]
[Black "Goryachkina, Aleksandra"]
[WhiteFideId "4180321"]
[BlackFideId "4147103"]
[WhiteElo "2146"]
[BlackElo "2426"]
[Result "0-1"]
[Round "01"]
[TimeControl "180+1"]
[Date "2022.03.22"]
[WhiteClock "0:00:55"]
[BlackClock "0:00:15"]

1. e4 e6 2. d4 d5 3. Nd2 c5 4. Ngf3 cxd4 5. exd5 Qxd5 6. Bc4 Qd7 7. O-O Nc6 8. Nb3 a6 9. Nbxd4 Nxd4 10. Nxd4 Qc7 11. Bd3 Bd6 12. h3 Ne7 13. Qh5 Bd7 14. Re1 O-O-O 15. Qxf7 Rdf8 16. Qh5 Bc5 17. Be3 Nd5 18. Nxe6 Bxe6 19. Bxc5 Qxc5 20. Rxe6 Qxf2+ 21. Kh1 Nf4 22. Qg4 Nxe6 23. Qxe6+ Kb8 24. Be4 Qf6 25. Qd5 Qe7 26. Bf3 g5 27. c4 h5 28. c5 g4 29. Be4 Re8 30. Re1 gxh3 31. gxh3 Qc7 32. c6 Re5 33. Qb3 Rhe8 34. cxb7 Rxe4 35. Rxe4 Rxe4 36. Qg8+ Kxb7 37. Qb3+ Ka7 0-1


[Site "https://www.chess.com"]

[Event "Titled Tuesday Blitz March 22 Late 2022"]
[White "Rustemov, Alexander"]
[Black "Martinez Reyes, Pedro Ramon"]
[WhiteFideId "4119002"]
[BlackFideId "3901807"]
[WhiteElo "2797"]
[BlackElo "2410"]
[Result "1-0"]
[Round "01"]
[TimeControl "180+1"]
[Date "2022.03.22"]
[WhiteClock "0:01:45"]
[BlackClock "0:00:48"]

1. d4 Nf6 2. c4 d5 3. cxd5 c6 4. dxc6 Nxc6 5. Nf3 e5 6. e3 exd4 7. exd4 Bb4+ 8. Nc3 Ne4 9. Bd2 Nxd2 10. Qxd2 O-O 11. Be2 Bg4 12. d5 Bxf3 13. Bxf3 Re8+ 14. Be2 Bxc3 15. bxc3 Ne7 16. c4 Nf5 17. O-O Rc8 18. Rac1 Qh4 19. c5 Nd4 20. Rfe1 Qe4 21. Bc4 Qg6 22. Qf4 Rxe1+ 23. Rxe1 Nc2 24. Re2 b5 25. Bb3 Nd4 26. Qxd4 1-0


[Site "https://www.chess.com"]

[Event "Titled Tuesday Blitz March 22 Late 2022"]
[White "Sanchez Alvares, Kelvin Antonio"]
[Black "Cavanah, Troy"]
[WhiteFideId "3906680"]
[BlackFideId "30949670"]
[WhiteElo "2193"]
[BlackElo "1878"]
[Result "0-1"]
[Round "01"]
[TimeControl "180+1"]
[Date "2022.03.22"]
[WhiteClock "0:01:02"]
[BlackClock "0:00:38"]

1. e4 c5 2. Nf3 d6 3. d4 cxd4 4. Nxd4 Nf6 5. f3 e5 6. Nb3 Be6 7. c4 Nbd7 8. Nc3 Rc8 9. Nd5 Bxd5 10. cxd5 Be7 11. Be3 a5 12. Bb5 O-O 13. O-O Ne8 14. Qd2 b6 15. Bc6 Nc5 16. Rfc1 f5 17. Nxc5 dxc5 18. a3 f4 19. Bf2 Bh4 20. b4 Bxf2+ 21. Qxf2 axb4 22. axb4 cxb4 23. Rcb1 Qd6 24. Qd2 Rxc6 25. Qxb4 Rc1+ 0-1


[Site "https://www.chess.com"]

[Event "Titled Tuesday Blitz March 22 Late 2022"]
[White "Savchenko, Boris"]
[Black "Tymrakiewicz, Rafal"]
[WhiteFideId "4147332"]
[BlackFideId "1108832"]
[WhiteElo "2506"]
[BlackElo "2205"]
[Result "1/2-1/2"]
[Round "01"]
[TimeControl "180+1"]
[Date "2022.03.22"]
[WhiteClock "0:00:14"]
[BlackClock "0:00:09"]

1. e4 Nf6 2. e5 Nd5 3. c4 Nb6 4. d4 d6 5. exd6 cxd6 6. Nc3 g6 7. b3 Bg7 8. Bb2 O-O 9. a4 e5 10. dxe5 dxe5 11. Qxd8 Rxd8 12. a5 N6d7 13. Nd5 Nc6 14. Ne2 Nc5 15. Nc1 Be6 16. Nc7 Rac8 17. Nxe6 Nxe6 18. Be2 f5 19. O-O e4 20. Bxg7 Kxg7 21. a6 b6 22. Na2 Rd2 23. Rfe1 Rcd8 24. Nc3 Ncd4 25. Bd1 Nc5 26. f3 Nc2 27. Bxc2 Rxc2 28. Nd5 Nxb3 29. Rad1 Rxc4 30. Ne3 Rxd1 31. Rxd1 Rc1 32. Rxc1 Nxc1 33. fxe4 fxe4 34. Nd5 Nd3 35. Nxb6 Nc5 36. Kf2 Nxa6 37. Nc8 Kf6 38. Nxa7 Ke5 39. Nc6+ Kd5 40. Nd8 Kd4 41. Ke2 Nc5 42. Nc6+ Kd5 43. Nb4+ Kc4 44. Nc6 Kd5 45. Nb4+ Ke5 46. Nc6+ Kd6 47. Nb4 Nd7 48. Ke3 Nf6 49. Kd4 Ke6 50. h3 h5 51. g3 Kf5 52. Nc2 h4 53. Ne3+ Kg5 54. gxh4+ Kf4 55. Ng2+ Kf3 56. Ne1+ Kf2 57. Nc2 Kf3 58. Ne1+ Kg3 59. Ke5 Kxh4 60. Kxf6 Kxh3 61. Kg5 Kg3 62. Nc2 Kf3 63. Nd4+ Ke3 64. Ne6 Kf2 65. Kxg6 e3 66. Nf4 e2 67. Nxe2 1/2-1/2


[Site "https://www.chess.com"]

[Event "Titled Tuesday Blitz March 22 Late 2022"]
[White "Saveliev, Alexei"]
[Black "Atzl, Florian"]
[WhiteFideId "24128546"]
[BlackFideId "1635891"]
[WhiteElo "2281"]
[BlackElo "2085"]
[Result "1-0"]
[Round "01"]
[TimeControl "180+1"]
[Date "2022.03.22"]
[WhiteClock "0:00:48"]
[BlackClock "0:00:12"]

1. c4 c5 2. Nf3 Nf6 3. e3 d5 4. d4 cxd4 5. exd4 Bg4 6. Nc3 dxc4 7. Bxc4 e6 8. O-O Be7 9. Qa4+ Nbd7 10. Ne5 Bh5 11. Bb5 a6 12. Bxd7+ Nxd7 13. Be3 f6 14. Nd3 O-O 15. Nf4 Bf7 16. Rfd1 Nb6 17. Qc2 Rc8 18. Rac1 Qc7 19. Qe4 Qd6 20. Qxb7 Nc4 21. Ne4 Qb4 22. Qxb4 Bxb4 23. b3 Nxe3 24. fxe3 f5 25. Nc5 Rfe8 26. Nfd3 Ba5 27. Nxa6 Bh5 28. Nac5 Bxd1 29. Rxd1 Bb6 30. b4 Ra8 31. a4 g5 32. a5 Bxc5 33. Nxc5 Rab8 34. Rb1 e5 35. Nd7 exd4 36. exd4 Rbd8 37. Nf6+ Kf7 38. Nxe8 Rxe8 39. a6 Ke7 40. b5 Kd7 41. b6 Kc6 42. b7 Kc7 43. a7 1-0


[Site "https://www.chess.com"]

[Event "Titled Tuesday Blitz March 22 Late 2022"]
[White "Seo, Jung Min"]
[Black "Sliwicki, Damian"]
[WhiteFideId "1734687"]
[BlackFideId "1127128"]
[WhiteElo "2401"]
[BlackElo "2067"]
[Result "1/2-1/2"]
[Round "01"]
[TimeControl "180+1"]
[Date "2022.03.22"]
[WhiteClock "0:01:36"]
[BlackClock "0:00:22"]

1. d4 Nf6 2. c4 e6 3. Nf3 d5 4. Bg5 Nbd7 5. e3 Bb4+ 6. Nc3 c5 7. cxd5 exd5 8. Bd3 Qa5 9. Qc2 c4 10. Bf5 O-O 11. O-O Bxc3 12. bxc3 g6 13. Bxd7 Nxd7 14. a4 Re8 15. Rfe1 Kg7 16. h4 Nf6 17. Ne5 Ne4 18. f3 Qxc3 19. Qxc3 Nxc3 20. Ra3 f6 21. Bxf6+ Kxf6 22. Rxc3 Rxe5 23. dxe5+ Kxe5 24. e4 Be6 25. exd5+ Kd4 26. Rxc4+ Kxc4 27. dxe6 Re8 28. h5 Kd5 29. hxg6 hxg6 30. Rb1 b6 31. a5 Rxe6 32. axb6 axb6 33. Kf2 Kc4 34. f4 b5 35. g4 b4 36. Kf3 b3 37. f5 gxf5 38. gxf5 Rd6 39. Kf4 Kc3 40. Ke5 Rd2 41. f6 Kc2 42. Rxb3 Kxb3 43. f7 Rf2 44. Ke6 Kc4 45. Ke7 Rxf7+ 46. Kxf7 1/2-1/2


[Site "https://www.chess.com"]

[Event "Titled Tuesday Blitz March 22 Late 2022"]
[White "Seul, Georg"]
[Black "Fedoseev, Vladimir"]
[WhiteFideId "4601653"]
[BlackFideId "24130737"]
[WhiteElo "2271"]
[BlackElo "2726"]
[Result "0-1"]
[Round "01"]
[TimeControl "180+1"]
[Date "2022.03.22"]
[WhiteClock "0:00:02"]
[BlackClock "0:00:06"]

1. e4 d5 2. exd5 Qxd5 3. Nc3 Qa5 4. Bc4 Nf6 5. d3 c6 6. Qe2 Bg4 7. f3 Bh5 8. Bd2 Qc7 9. Nh3 e6 10. Nf4 Bd6 11. Nxh5 Nxh5 12. g3 Nd7 13. f4 Nhf6 14. a4 O-O 15. O-O Rae8 16. Rae1 a6 17. a5 Qxa5 18. Ne4 Bb4 19. c3 Be7 20. g4 b5 21. Bb3 c5 22. Ng5 Bd8 23. Qg2 c4 24. Bc2 h6 25. d4 hxg5 26. fxg5 Nh7 27. Qh3 f5 28. gxf5 Nxg5 29. Bxg5 Bxg5 30. fxe6 Rxf1+ 31. Rxf1 Nf6 32. Bg6 Re7 33. Qg2 Be3+ 34. Kh1 Rxe6 35. Bf5 Re8 36. Bg6 Rd8 37. Rxf6 gxf6 38. Qb7 Qa1+ 39. Kg2 Qg1+ 0-1


[Site "https://www.chess.com"]

[Event "Titled Tuesday Blitz March 22 Late 2022"]
[White "Sharafiev, Azat"]
[Black "Mangialardo, Tiago Carvalho"]
[WhiteFideId "4186214"]
[BlackFideId "2130718"]
[WhiteElo "2299"]
[BlackElo "2090"]
[Result "1-0"]
[Round "01"]
[TimeControl "180+1"]
[Date "2022.03.22"]
[WhiteClock "0:01:57"]
[BlackClock "0:00:40"]

1. d4 d5 2. Nf3 Nf6 3. c4 e6 4. g3 Be7 5. Bg2 O-O 6. O-O Nbd7 7. Nbd2 b6 8. cxd5 exd5 9. Ne5 Bb7 10. Qa4 c5 11. Nc6 Bxc6 12. Qxc6 Qc8 13. Qxc8 Rfxc8 14. dxc5 Rxc5 15. Nb3 Rc2 16. Nd4 Rc4 17. Nf5 Bf8 18. b3 Rc2 19. Ne3 Rc7 20. Nxd5 Nxd5 21. Bxd5 Rac8 22. Bf4 Rc5 23. Bb7 Rd8 24. Rfd1 g5 25. Be3 Rc7 26. Bxg5 f6 27. Bd5+ Kg7 28. Bf4 Rc5 29. Be6 1-0


[Site "https://www.chess.com"]

[Event "Titled Tuesday Blitz March 22 Late 2022"]
[White "Shuvalova, Polina"]
[Black "Liu, Leonardo"]
[WhiteFideId "24171760"]
[BlackFideId "30965780"]
[WhiteElo "2355"]
[BlackElo "2302"]
[Result "1-0"]
[Round "01"]
[TimeControl "180+1"]
[Date "2022.03.22"]
[WhiteClock "0:01:14"]
[BlackClock "0:00:38"]

1. d4 Nf6 2. Nf3 g6 3. c4 Bg7 4. Nc3 d6 5. Bg5 O-O 6. e3 h6 7. Bh4 g5 8. Bg3 Nh5 9. Qc2 Nc6 10. Be2 Nxg3 11. hxg3 e5 12. d5 Ne7 13. e4 f5 14. exf5 Bxf5 15. Bd3 Bxd3 16. Qxd3 Nf5 17. O-O-O Nd4 18. Nxd4 exd4 19. Ne4 Qe7 20. Rhe1 Rae8 21. f3 Qe5 22. Kc2 c6 23. dxc6 bxc6 24. g4 Qa5 25. Kb1 d5 26. cxd5 cxd5 27. Nf6+ Bxf6 28. Qg6+ Bg7 29. Rxe8 Rxe8 30. Qxe8+ Kh7 31. Qd7 d3 32. Qf5+ Kg8 33. Qxd3 Qb4 34. Qc2 d4 35. a3 Qb5 36. Qc8+ Bf8 37. Qe6+ Kh8 38. Rxd4 Qf1+ 39. Ka2 Qxg2 40. Qf6+ Kg8 41. Qg6+ Kh8 42. Rd7 Qc2 43. Qxc2 1-0


[Site "https://www.chess.com"]

[Event "Titled Tuesday Blitz March 22 Late 2022"]
[White "Smirnov, Pavel"]
[Black "Baches Garcia, Guillermo"]
[WhiteFideId "4123425"]
[BlackFideId "2209764"]
[WhiteElo "2545"]
[BlackElo "2470"]
[Result "1-0"]
[Round "01"]
[TimeControl "180+1"]
[Date "2022.03.22"]
[WhiteClock "0:00:53"]
[BlackClock "0:00:07"]

1. d4 Nf6 2. c4 e6 3. Nf3 d5 4. Nc3 c5 5. e3 Nc6 6. cxd5 exd5 7. Bb5 cxd4 8. Nxd4 Bd7 9. O-O Bd6 10. Nf3 Be6 11. b3 O-O 12. Bb2 Qe7 13. Rc1 Rad8 14. Ne2 Bg4 15. Bxc6 Bxf3 16. gxf3 bxc6 17. Nd4 c5 18. Nf5 Qe6 19. Qc2 Rc8 20. Kh1 Rfd8 21. Rg1 Bf8 22. Nh6+ Kh8 23. Qf5 Rd7 24. Bxf6 Qxf5 25. Nxf5 gxf6 26. Rg4 c4 27. Rcg1 Ba3 28. Nh6 1-0


[Site "https://www.chess.com"]

[Event "Titled Tuesday Blitz March 22 Late 2022"]
[White "Svicevic, Rastko"]
[Black "Horobetz, Graham"]
[WhiteFideId "916315"]
[BlackFideId "2047322"]
[WhiteElo "2132"]
[BlackElo "2614"]
[Result "1-0"]
[Round "01"]
[TimeControl "180+1"]
[Date "2022.03.22"]
[WhiteClock "0:02:55"]
[BlackClock "0:02:53"]

1. d4 Nf6 2. Bg5 e6 3. e4 h6 4. Bxf6 Qxf6 5. c3 d6 6. Bd3 Nc6 7. Ne2 e5 8. O-O exd4 9. cxd4 Nxd4 10. Nxd4 Qxd4 11. Bb5+ 1-0


[Site "https://www.chess.com"]

[Event "Titled Tuesday Blitz March 22 Late 2022"]
[White "Swicarz, Maciej"]
[Black "Jacobson, Brandon"]
[WhiteFideId "1113585"]
[BlackFideId "30901561"]
[WhiteElo "2057"]
[BlackElo "2362"]
[Result "0-1"]
[Round "01"]
[TimeControl "180+1"]
[Date "2022.03.22"]
[WhiteClock "0:02:13"]
[BlackClock "0:02:41"]

1. c4 e5 2. Nc3 Nf6 3. Nf3 Nc6 4. e4 Bb4 5. d3 d6 6. a3 Bc5 7. Be2 a5 8. O-O h6 9. Rb1 Bg4 10. Ne1 Be6 11. Nc2 O-O 12. Be3 Nd4 13. b4 axb4 14. axb4 Nxc2 15. Qxc2 Bxe3 16. fxe3 c6 17. Ra1 Qb6 18. Qd2 Qxb4 19. Rab1 Qc5 20. Rxb7 Ra3 21. Rfb1 Rxc3 22. Qxc3 Qxe3+ 23. Kf1 Nxe4 0-1


[Site "https://www.chess.com"]

[Event "Titled Tuesday Blitz March 22 Late 2022"]
[White "Taboas Rodriguez, Daniel"]
[Black "Broca Jimenez, Fernando"]
[WhiteFideId "2208466"]
[BlackFideId "5104742"]
[WhiteElo "2429"]
[BlackElo "2062"]
[Result "1-0"]
[Round "01"]
[TimeControl "180+1"]
[Date "2022.03.22"]
[WhiteClock "0:00:37"]
[BlackClock "0:00:09"]

1. d4 Nf6 2. Nf3 e6 3. c4 d5 4. Bg5 Nbd7 5. Nc3 Be7 6. e3 h6 7. Bh4 O-O 8. Rc1 c6 9. Bd3 dxc4 10. Bxc4 Nd5 11. Bg3 N7f6 12. O-O Bd6 13. Ne5 Nxc3 14. bxc3 Ne4 15. Bf4 Nf6 16. Bb3 c5 17. h3 b6 18. Qf3 Ba6 19. Rfd1 Qc7 20. Bxh6 Bxe5 21. dxe5 Qxe5 22. Bf4 Qe4 23. Bg5 Qxf3 24. gxf3 c4 25. Bc2 Nd5 26. Be4 f6 27. Rxd5 exd5 28. Bxd5+ Kh7 29. Bxa8 fxg5 30. Be4+ Kh6 31. Rd1 Rf6 32. Rd7 b5 33. Rxa7 Rb6 34. Kh2 g6 35. Kg3 Bc8 36. Rc7 Bf5 37. Rc5 Bd7 38. Rd5 Bc6 39. Rd6 Bxe4 40. Rxb6 b4 41. Rxb4 Bd3 42. a4 1-0


[Site "https://www.chess.com"]

[Event "Titled Tuesday Blitz March 22 Late 2022"]
[White "Tanenbaum, Zachary"]
[Black "Borodavkin, Anatoly"]
[WhiteFideId "2060850"]
[BlackFideId "14150662"]
[WhiteElo "2168"]
[BlackElo "1845"]
[Result "1-0"]
[Round "01"]
[TimeControl "180+1"]
[Date "2022.03.22"]
[WhiteClock "0:01:40"]
[BlackClock "0:00:12"]

1. e4 e5 2. Nf3 Nf6 3. Nxe5 d6 4. Nf3 Nxe4 5. Nc3 Nxc3 6. dxc3 Be7 7. Bf4 Nc6 8. Qd2 Be6 9. O-O-O Qd7 10. Bb5 a6 11. Ba4 b5 12. Bb3 Bxb3 13. axb3 O-O-O 14. Qd5 Kb8 15. Rhe1 Bf6 16. c4 Na7 17. c5 Qg4 18. Re4 Qxg2 19. cxd6 cxd6 20. Bxd6+ Rxd6 21. Qxd6+ Kb7 22. Qd7+ Kb8 23. Re8+ Rxe8 24. Qxe8+ Nc8 25. Qc6 Qxf2 26. Kb1 Qe2 27. Rd7 1-0


[Site "https://www.chess.com"]

[Event "Titled Tuesday Blitz March 22 Late 2022"]
[White "Tari, Aryan"]
[Black "Olsen, Filip Boe"]
[WhiteFideId "1510045"]
[BlackFideId "1440640"]
[WhiteElo "2567"]
[BlackElo "2188"]
[Result "1-0"]
[Round "01"]
[TimeControl "180+1"]
[Date "2022.03.22"]
[WhiteClock "0:01:36"]
[BlackClock "0:01:58"]

1. c4 c6 2. d4 d5 3. cxd5 cxd5 4. Nc3 Nf6 5. Bf4 Nc6 6. e3 Bf5 7. Nf3 e6 8. Ne5 Bb4 9. Bb5 Qa5 10. O-O Bxc3 11. Bxc6+ bxc6 12. bxc3 O-O-O 13. Nxc6 1-0


[Site "https://www.chess.com"]